AoeStats
← Rafaelbdoo

Migration

505167050Analyzed
1v1 RM · 26d ago on Sep 8, 2026· 93m 19s· 2 players
Game mode
Random Map
Map size
132×132
Population
200
Speed
Normal
Resources
Standard
Victory
Conquest
Starting age
Dark Age
Ending age
Imperial Age
RankedLock teamsTeams togetherTeam positionsShared explorationLock speedFull tech treeHidden civsTurbo modeCheats
Victory
Defeat
🇧🇷 Inca · Brazil
713
+34
🇺🇸 Magyars · United States
714
-16
Rafaelbdoo
11:29 Feudal Age
12:01 Fishing Lines
12:33 Double-Bit Axe
16:40 Champi Runner
20:51 Forging
20:43 Scale Mail Armor
28:45 Castle Age
30:03 Squires
29:29 Champi Warrior
34:35 Stone Mining
34:41 Gold Mining
41:18 Imperial Age
39:44 Andean Sling
39:40 Town Watch
41:45 Bow Saw
42:21 Gold Shaft Mining
42:22 Stone Shaft Mining
42:45 Elite Kamayuk
44:29 Horse Collar
52:52 Wheelbarrow
53:00 Town Patrol
54:46 Hand Cart
56:09 Capped Ram
56:37 Treadmill Crane
57:08 Masonry
58:10 Conscription
61:13 Pikeman
62:22 Halberdier
70:03 Hoardings
69:15 Loom
71:46 Ballistics
71:25 Murder Holes
72:02 Medium Warships
71:15 Demolition Ship
74:37 Sappers
85:51 Fabric Shields
86:55 Chemistry
85:42 Arrowslits
animalchoir
1:42 Loom
10:56 Feudal Age
12:13 Wheelbarrow
11:40 Double-Bit Axe
18:28 Fishing Lines
20:52 Castle Age
19:26 Fletching
19:38 Padded Archer Armor
20:29 Stone Mining
30:22 Bodkin Arrow
30:43 Leather Archer Armor
33:21 Medium Warships
33:39 Horse Collar
37:02 Imperial Age
35:29 Gold Mining
40:11 Fervor
39:50 Elite Skirmisher
42:29 Ballistics
42:23 Careening
43:52 Chemistry
43:06 Careening
46:41 Heavy Plow
47:58 Corvinian Army
48:19 Conscription
49:04 Bow Saw
52:34 Elite Magyar Huszar
54:12 Scale Barding Armor
56:57 Two-Man Saw
56:30 Hand Cart
58:11 Recurve Bow
60:56 Hoardings
60:56 Chain Barding Armor
60:39 Bracer
61:09 Ring Archer Armor
62:02 Heavy Cavalry Archer
63:08 Parthian Tactics
66:46 Murder Holes
78:49 Scale Mail Armor
83:44 Heavy Scorpion
90:22 Heavy Warships
Connection lost

Rejoining the realm…

Still unreachable

The connection could not be restored.

Session expired

The server has moved on; the page needs a fresh start.